 Dungeon Sprint DCSS version 0.17-a0-1646-geb1493d (webtiles) character file.

1724 Kidiri the Covert (level 8, -17/36 HPs)
             Began as a Spriggan Enchanter on Aug 10, 2015.
             Was a Follower of Dithmenos.
             Shot with an arrow by a centaur warrior (28 damage)
             ... in the Dungeon (Sprint I: "Red Sonja").
             The game lasted 00:04:16 (593 turns).

Kidiri the Covert (Spriggan Enchanter)               Turns: 593, Time: 00:04:17

Health: -17/36     AC:  3    Str:  4    XL:     8   Next: 75%
Magic:  21/23      EV: 29    Int: 17    God:    Dithmenos [*.....]
Gold:   632        SH:  0    Dex: 18    Spells: 5 memorised, 16 levels left

rFire  . . .     SeeInvis +     a - +1 dagger
rCold  . . .     Clarity  .     b - +1 robe
rNeg   . . .     SustAt   .     (shield restricted)
rPois  .         Gourm    .     (helmet restricted)
rElec  .         Spirit   .     (no cloak)
rCorr  .         Warding  .     (gloves unavailable)
rMut   .         NoTele   +     (boots unavailable)
MR     +....                    (no amulet)
Stlth  ++++++++..               (no ring)
                                (no ring)

@: wreathed by umbra, very quick, somewhat resistant to hostile enchantments,
extraordinarily stealthy
A: unfitting armour, see invisible, herbivore 3, speed 3, slow metabolism 2
a: Renounce Religion


You were in the Dungeon.
You worshipped Dithmenos.
Dithmenos was aware of your devotion.
You were not hungry.

You visited 1 branch You collected 632 gold pieces.

Inventory:

Hand weapons
 a - a +1 dagger (weapon)
 n - a +0 dagger of distortion
Armour
 b - a +1 robe (worn)
Magical devices
 k - a wand of enslavement (8)
Scrolls
 j - a scroll of blinking
 m - a scroll of magic mapping {unknown}
Potions
 e - a potion of curing
 f - a potion of heal wounds
 g - a potion of haste
 h - 2 potions of magic
 i - a potion of berserk rage
 l - a potion of ambrosia {unknown}
 o - a potion of degeneration {unknown}
Books
 c - a book of Maledictions

   Spells                             Type                      Level
   a - Corona                         Hexes                        1
   b - Ensorcelled Hibernation        Hexes/Ice                    2
   c - Confuse                        Hexes                        3
   d - Tukima's Dance                 Hexes                        3
   e - Dazzling Spray                 Conjuration/Hexes            3
Comestibles
 d - 2 bread rations


   Skills:
 + Level 6.8 Short Blades
 * Level 12.6 Dodging
 * Level 14.0 Stealth
 * Level 10.9 Spellcasting
 + Level 3.9 Conjurations
 + Level 8.3 Hexes
 + Level 4.2 Ice Magic
 + Level 3.7 Invocations


You had 16 spell levels left.
You knew the following spells:

 Your Spells              Type           Power        Failure   Level  Hunger
a - Corona                Hex            #####..      1%          1    None
b - Ensorcelled Hibernat  Hex/Ice        ####..       1%          2    None
c - Confuse               Hex            #####...     1%          3    None
d - Tukima's Dance        Hex            #####...     1%          3    None
e - Dazzling Spray        Conj/Hex       ####....     1%          3    None


Dungeon Overview and Level Annotations

Branches:
Dungeon (1/1)

Altars:
Cheibriados
Dithmenos
Elyvilon
Fedhas
Gozag
Kikubaaqudgha
Makhleb
Nemelex Xobeh
Okawaru
Qazlal
Ru
Sif Muna
Trog
Vehumet
Xom
Yredelemnul
Zin
The Shining One
Jiyva

Shops:
D [([


Innate Abilities, Weirdness & Mutations

You are tiny and cannot use many weapons and most armour.
You have supernaturally acute eyesight.
You are a herbivore.
You cover ground extremely quickly.
You need consume almost no food.


Message History

The centaur warrior shouts! x2
The centaur warrior wields a longbow.
The centaur warrior shoots an arrow.
The arrow hits you!
You hear a splash.
The centaur warrior wields a shortbow.
The centaur warrior shoots an arrow.
The arrow hits you!
You hear a splash.
You see here 2 arrows.
Casting: Ensorcelled Hibernation
Confirm with . or Enter, or press ? or * to list all spells.
Aiming: Ensorcelled Hibernation
Press: ? - help, Shift-Dir - straight line, f - centaur warrior
Aim: a centaur warrior, wielding a longbow (chance to defeat MR: 41%)
The centaur warrior resists with some effort.
The centaur warrior shoots an arrow.
The arrow completely misses you.
You hear a splash.
Unknown command.
The centaur warrior shoots an arrow.
The arrow hits you!!
Ouch! That really hurt!
You die...

#####################
<.#..'..#.)'..#__#..+
..').#..'..#..+..+..#
..#####'#####'#__####
..####..#...#)####$)#
..#__####..##)#≈§≈§§#
..#_..__##+#..+§§§c.+
⌠⌠#_.∩...+..._#§§§§c#
###_..._##_.#+##@####
#_____###'#.#.([.###
###########.####'###)##
∩........+...'..%..+.∩#
##++++####.).##########
##.## #+#


You could see a centaur warrior.

Vanquished Creatures
  Sonja (D)
  A deep troll (D)
  A slime creature (D)
  Sigmund (D)
  A yak (D)
  An ogre (D)
  A jelly (D)
  Ijyb (D)
8 creatures vanquished.

Notes
Turn   | Place    | Note
--------------------------------------------------------------
     0 | D        | Kidiri the Spriggan Enchanter began the quest for the Orb.
     0 | D        | Reached XP level 1. HP: 9/9 MP: 5/5
     2 | D        | Noticed Ijyb
     9 | D        | Killed Ijyb
     9 | D        | Reached skill level 5 in Dodging
     9 | D        | Reached skill level 6 in Stealth
     9 | D        | Reached XP level 2. HP: 7/13 MP: 5/8
   162 | D        | Noticed an ogre
   177 | D        | Killed an ogre
   177 | D        | Reached skill level 7 in Dodging
   177 | D        | Reached skill level 8 in Stealth
   177 | D        | Reached skill level 5 in Hexes
   177 | D        | Reached XP level 3. HP: 16/16 MP: 8/11
   177 | D        | Reached XP level 4. HP: 21/21 MP: 9/13
   181 | D        | Learned a level 2 spell: Ensorcelled Hibernation
   185 | D        | Learned a level 3 spell: Confuse
   189 | D        | Learned a level 3 spell: Tukima's Dance
   193 | D        | Learned a level 3 spell: Dazzling Spray
   226 | D        | Noticed Sigmund
   229 | D        | Killed Sigmund
   229 | D        | Reached skill level 9 in Dodging
   229 | D        | Reached skill level 10 in Stealth
   229 | D        | Reached skill level 1 in Conjurations
   229 | D        | Reached skill level 1 in Ice Magic
   229 | D        | Reached XP level 5. HP: 24/24 MP: 14/16
   229 | D        | Reached XP level 6. HP: 28/28 MP: 14/17
   253 | D        | Found a snail-covered altar of Cheibriados.
   253 | D        | Found a viscous altar of Jiyva.
   253 | D        | Found a shadowy altar of Dithmenos.
   253 | D        | Found a blossoming altar of Fedhas.
   253 | D        | Noticed a slime creature
   256 | D        | Killed a slime creature
   256 | D        | Reached skill level 5 in Short Blades
   256 | D        | Reached skill level 10 in Dodging
   256 | D        | Reached skill level 11 in Stealth
   258 | D        | Became a worshipper of Dithmenos the Shadowed
   281 | D        | Found a deep blue altar of Sif Muna.
   282 | D        | Noticed a jelly
   283 | D        | Found a radiant altar of Vehumet.
   287 | D        | Killed a jelly
   315 | D        | Found Uvuce's Weapon Emporium.
   315 | D        | Found a white marble altar of Elyvilon.
   315 | D        | Found a stormy altar of Qazlal.
   315 | D        | Found a burning altar of Makhleb.
   315 | D        | Found a sacrificial altar of Ru.
   315 | D        | Found a basalt altar of Yredelemnul.
   315 | D        | Found a glowing golden altar of the Shining One.
   315 | D        | Found a sparkling altar of Nemelex Xobeh.
   315 | D        | Found a shimmering altar of Xom.
   315 | D        | Found an opulent altar of Gozag.
   315 | D        | Found an ancient bone altar of Kikubaaqudgha.
   315 | D        | Found a glowing silver altar of Zin.
   315 | D        | Noticed a yak
   316 | D        | Found an iron altar of Okawaru.
   317 | D        | Killed a yak
   317 | D        | Reached skill level 12 in Stealth
   317 | D        | Reached skill level 1 in Invocations
   317 | D        | Reached XP level 7. HP: 32/32 MP: 18/20
   318 | D        | Found a bloodstained altar of Trog.
   330 | D        | Noticed Sonja
   335 | D        | Killed Sonja
   335 | D        | Reached skill level 13 in Stealth
   335 | D        | Reached skill level 10 in Spellcasting
   335 | D        | Reached XP level 8. HP: 36/36 MP: 19/23
   531 | D        | Found Naeme's Armour Boutique.
   552 | D        | Noticed a deep troll
   556 | D        | Killed a deep troll
   556 | D        | Reached skill level 14 in Stealth
   567 | D        | Found Fifit's Armour Emporium.
   589 | D        | Noticed a centaur warrior
   590 | D        | Noticed a centaur warrior
   593 | D        | Shot with an arrow by a centaur warrior

Vault maps used:
D:        dungeon_sprint_1

Action                   |  1- 3 |  4- 6 |  7- 9 || total
-------------------------+-------+-------+-------++-------
Melee: Dagger            |    14 |     4 |     2 ||    20
 Cast: Corona            |     2 |       |       ||     2
       Ensorcelled Hiber |       |       |     2 ||     2
 Stab: Sleeping          |     1 |     4 |     2 ||     7
